 Dungeon Crawl Stone Soup version 0.28.0-53-g5a82cb258f (webtiles) character file.

Game seed: 5800816827010364134

106 LynnLen the Sneak (level 4, -6/30 HPs)
             Began as a Vampire Enchanter on July 31, 2022.
             Was an Initiate of Yredelemnul.
             Killed by divine providence
             ... invoked by an orc priest
              (9 damage)
             ... on level 3 of the Dungeon.
             The game lasted 00:13:05 (3010 turns).

LynnLen the Sneak (Vampire Enchanter)               Turns: 3010, Time: 00:13:05

Health: -6/30      AC:  2    Str:  7    XL:     4   Next: 55%
Magic:  6/7        EV: 13    Int: 17    God:    Yredelemnul [......]
Gold:   103        SH:  0    Dex: 16    Spells: 2/7 levels left

rFire   . . .      SeeInvis +   a - +1 dagger
rCold   . . .      Faith    .   (no shield)
rNeg    . . .      Spirit   .   b - +0 robe
rPois   .          Reflect  .   (no helmet)
rElec   .          Harm     .   (no cloak)
rCorr   .          Rampage  .   (no gloves)
Will    .....                   (no boots)
Stlth   +++.......              (no amulet)
HPRegen 0.30/turn               (no ring)
MPRegen 0.10/turn               (no ring)

@: healing quickly, invisible
A: alive, fangs 3, see invisible, vampiric 2
a: Exsanguinate, Renounce Religion, Recall Undead Harvest


You were on level 3 of the Dungeon.
You worshipped Yredelemnul.
Yredelemnul was noncommittal.
You visited 1 branch of the dungeon, and saw 3 of its levels.

You collected 103 gold pieces.

Inventory:

Hand Weapons
 a - a +1 dagger (weapon)
Missiles
 d - 7 sling bullets
 n - 6 atropa-tipped darts
Armour
 b - a +0 robe (worn)
Scrolls
 g - a scroll of magic mapping {unknown}
 i - a scroll of blinking {unknown}
 j - a scroll of immolation {unknown}
 o - a scroll of noise {unknown}
 p - a scroll of enchant weapon {unknown}
Potions
 e - a potion of magic
 h - a potion of brilliance {unknown}
 k - a potion of flight
 l - 2 potions of might {unknown}
 m - a potion of degeneration {unknown}


   Skills:
 * Level 2.3 Short Blades
 * Level 2.8 Dodging
 * Level 6.4 Stealth
 * Level 2.2 Spellcasting
 + Level 4.8 Hexes
 * Level 0.3 Ice Magic


You had 2 spell levels left.
You knew the following spells:

 Your Spells              Type           Power      Damage    Failure   Level
a - Confusing Touch       Hex            18%        N/A       8%          3
b - Ensorcelled Hibernat  Hex/Ice        20%        N/A       10%         2

Your spell library contained the following spells:

 Spells                   Type           Power      Damage    Failure   Level
 Tukima's Dance           Hex            18%        N/A       8%          3
 Dazzling Flash           Conj/Hex       20%        N/A       22%         3
 Ignite Poison            Fire/Tmut/Pois 1%         N/A       50%         3
 Mephitic Cloud           Conj/Pois/Air  1%         N/A       50%         3
 Freezing Cloud           Conj/Ice/Air   1%         6-21      99%         5


Dungeon Overview and Level Annotations

Branches:
Dungeon (3/15)

Altars:
Xom
Yredelemnul


Innate Abilities, Weirdness & Mutations

Your natural rate of healing is accelerated.
You have razor-sharp teeth.
You have supernaturally acute eyesight. (SInv)
You are afflicted with vampirism and can become a bat while bloodless.


Message History

The orc priest closely misses you.
Your orc zombie barely misses the orc.
Your orc zombie hits the orc priest but does no damage.
You hit the orc priest but do no damage.
The orc priest is moderately wounded.
The orc closely misses you. The orc priest barely misses you.
Your orc zombie hits the orc.
You hit the orc priest but do no damage.
Your bite misses the orc priest.
The orc priest is moderately wounded.
The ball python barely misses your orc zombie.
The ball python grabs your orc zombie.
The ball python constricts your orc zombie.
The orc barely misses you.
Your orc zombie completely misses the orc priest.
The ball python bites your orc zombie.
The ball python constricts your orc zombie.
The ball python bites your orc zombie.
The ball python constricts your orc zombie.
Your orc zombie barely misses the ball python.
The ball python hisses angrily.
Items here: ( )) = ?.
The orc priest closely misses you. The ball python barely misses you.
The ball python constricts your orc zombie.
Your orc zombie hits the ball python.
You hit the orc priest.
You bite the orc priest, but do no damage.
The orc priest is moderately wounded.
The orc barely misses you. The orc priest closely misses you.
Your orc zombie barely misses the orc priest.
You closely miss the orc priest.
The orc priest is moderately wounded.
The ball python bites you.
* * * LOW HITPOINT WARNING * * *
The ball python constricts your orc zombie.
Your orc zombie is destroyed!
The orc misses you.
The orc priest calls down the wrath of Beogh upon you.
Beogh smites you!
You die...
Yredelemnul claims you as an undead slave.

#.###############.#
#.....).......##...
#.....####.........
#...#≈#≈≈≈ #..##...
#...#≈≈≈≈ #.......
#..##≈≈#≈# ##......
######..#≈≈≈≈≈≈≈≈≈......
#.....o.≈≈#≈≈≈≈≈≈#..#...
....#..S@≈#≈≈≈≈#≈##.##...
.......Zo.# ≈#≈≈≈≈.. #...
##.#.....≈# ≈≈###..###.#
#.#.......#≈##........#
#.##................###
##.##..#########.....# #
.###...#..#############.#
# .......#.........# #.#
# #...#.#######.# #.#


You could see an orc priest (ally target), an orc, a ball python and a friendly
orc zombie.

Vanquished Creatures
  4 adders
  4 worms (D:2)
  2 dart slugs (D:1)
  2 orcs (D:3)
  4 endoplasms
  2 giant cockroaches
  8 goblins
  3 hobgoblins
  2 jackals (D:2)
  5 kobolds
  3 quokkas
  5 ball pythons
  3 bats (D:1)
  A frilled lizard (D:1)
  6 rats
54 creatures vanquished.

Vanquished Creatures (others)
  An adder zombie (D:3)
  A kobold zombie (D:3)
  An orc zombie (D:3)
3 creatures vanquished.

Grand Total: 57 creatures vanquished

Notes
Turn   | Place    | Note
-------+----------+-------------------------------------------
     0 | D:1      | LynnLen the Vampire Enchanter began the quest for the Orb.
     0 | D:1      | Reached XP level 1. HP: 13/13 MP: 3/3
   207 | D:1      | Reached XP level 2. HP: 6/19 MP: 5/5
   264 | D:1      | Found a faded altar of an unknown god.
   348 | D:1      | Reached skill level 5 in Stealth
  1189 | D:2      | Gained mutation: You are afflicted with vampirism and can
                  | become a bat while bloodless. [Vampire growth]
  1189 | D:2      | Reached XP level 3. HP: 24/24 MP: 6/6
  1193 | D:2      | Learned a level 3 spell: Confusing Touch
  1196 | D:2      | Learned a level 2 spell: Ensorcelled Hibernation
  1772 | D:2      | Reached skill level 6 in Stealth
  1909 | D:2      | Reached XP level 4. HP: 13/30 MP: 5/7
  2749 | D:3      | Found a basalt altar of Yredelemnul.
  2749 | D:3      | Found a shimmering altar of Xom.
  2755 | D:3      | Became a worshipper of Yredelemnul the Dark
  3010 | D:3      | Killed from afar by an orc priest

Illustrated notes

Levels and vault maps discovered:
D:1:      psy_arrival_whirlpool, layout_loops_ring,
          dreamdust_ecumenical_altar_angels_and_demons, feat_on_display
D:2:      layout_basic, minmay_misc_feat_iff
D:3:      layout_loops_ring, mainiacjoe_overflow_alcove_4,
          gammafunk_temple_overflow_statue, minivault_4, st_stairs_7

Skill      XL: |  1  2  3  4 |
---------------+-------------+-----
Stealth        | 5 6 |  6.4
Short Blades   | 2 |  2.3
Dodging        | |  2.8
Spellcasting   | |  2.2
Hexes          | |  4.8
Ice Magic      | |  0.3

Action                   |  1- 3 |  4- 6 || total
-------------------------+-------+-------++-------
Melee: Dagger            |   113 |    80 ||   193
       Punch             |     2 |     2 ||     4
       Bite              |    10 |    11 ||    21
 Cast: Confusing Touch   |     1 |       ||     1
       Ensorcelled Hiber |       |     3 ||     3
  Use: Scroll            |     1 |     2 ||     3
       Potion            |       |     3 ||     3
 Stab: Sleeping          |    22 |     4 ||    26
       Invisible         |       |     1 ||     1
Armor: Robe              |     7 |     4 ||    11
Dodge: Dodged            |    43 |    57 ||   100
